 Seeded DCSS version 0.29-a0-334-gb41bcbb86e (webtiles) character file.

Game seed: 10532045244604501396 (custom seed)

101 zeratav the Insei (level 4, -24/29 HPs)
             Began as an Octopode Transmuter on Apr 14, 2022.
             Annihilated by a tentacled starspawn (34 damage)
             ... on level 1 of the Abyss.
             The game lasted 00:02:34 (1891 turns).

zeratav the Insei (Octopode Transmuter)             Turns: 1891, Time: 00:02:35

Health: -24/29     AC:  5    Str:  9    XL:     4   Next: 75%
Magic:  7/7        EV: 13    Int: 15    God:
Gold:   61         SH:  0    Dex: 14    Spells: 6/7 levels left

rFire   . . .      SeeInvis .     - Unarmed
rCold   . . .      Faith    .   (no shield)
rNeg    . . .      Spirit   .   (helmet restricted)
rPois   .          Reflect  .   (no amulet)
rElec   .          Harm     .   c - +4 ring of protection
rCorr   .          Rampage  .   j - +4 ring of slaying
Will    .....                   (no ring)
Stlth   ++++......              (no ring)
HPRegen 0.09/turn               (no ring)
MPRegen 0.10/turn               (no ring)
                                (no ring)
                                (no ring)

@: no status effects
A: almost no armour, amphibious, 8 rings, camouflage 1, gelatinous body 1,
nimble swimmer 1, tentacles
a: no special abilities


You were on level 1 of the Abyss.
You visited 1 branch of the dungeon, and saw 2 of its levels.
You visited the Abyss 1 time.

You collected 61 gold pieces.


Innate Abilities, Weirdness & Mutations

You cannot wear most types of armour.
You are amphibious.
You can wear up to eight rings at the same time.
Your skin changes colour to match your surroundings (Stealth+).
Your rubbery body absorbs attacks. (AC +1, EV +1)
You are camouflaged when in or above water. (Stealth+)
You have tentacles for arms and can constrict up to eight enemies at once.


   Skills:
 + Level 2.0 Fighting
 + Level 2.7 Dodging
 + Level 2.4 Stealth
 * Level 4.0 Unarmed Combat
 - Level 2.0 Spellcasting
 - Level 2.0 Transmutations


You had 6 spell levels left.
You knew the following spells:

 Your Spells              Type           Power      Damage    Failure   Level
a - Beastly Appendage     Tmut           14%        N/A       10%         1

Your spell library contained the following spells:

 Spells                   Type           Power      Damage    Failure   Level
 Wereblood                Tmut           7%         N/A       14%         2
 Slow                     Hex            4%         N/A       22%         1
 Spider Form              Tmut/Pois      4%         N/A       41%         3
 Confusing Touch          Hex            1%         N/A       54%         3
 Vampiric Draining        Necr           1%         2d6       54%         3
 Ice Form                 Ice/Tmut       4%         N/A       82%         4

Inventory:

Jewellery
 c - a +4 ring of protection (left tentacle)
   (You found it on level 1 of the Dungeon)
 j - a +4 ring of slaying (right tentacle)
   (You found it on level 2 of the Dungeon)
Scrolls
 b - a scroll of magic mapping {unknown}
 e - a scroll of enchant armour {unknown}
 f - a scroll of blinking {unknown}
 g - a scroll of teleportation {unknown}
 h - a scroll of immolation {unknown}
 i - a scroll of enchant weapon {unknown}
 k - a scroll of vulnerability {unknown}
 l - a scroll of identify {unknown}
Potions
 a - a potion of lignification {!q}
 d - 2 potions of mutation {unknown}
 m - a potion of curing {unknown}

Dungeon Overview and Level Annotations

Branches:
Dungeon (2/15)

Altars:

Shops:
D:1 [

Annotations:
D:2 Natasha

..# .. ..##. #.# ...
##.#... #.# .
###.#... .
###.#.###...#.#
≈≈≈.#.#.....## ## #
### ≈≈≈≈≈.....#.###
.. #
.#..≈≈≈≈.#..w....#.#
. # .
..≈≈≈...≈@X......# .
# .#≈≈≈≈≈≈≈≈≈≈..###.
.
#...≈≈#≈≈≈≈.#≈##..#
. .#.≈≈≈≈#.##....#.#
. # ..
.##..≈#≈≈≈≈≈.## .. .
. ##..≈≈≈≈≈≈≈## .#
.# .#.##≈≈≈≈≈≈#.. #
#. .
#.....≈≈≈≈≈≈≈≈...
..#..# ≈ .≈.#.


You could see a tentacled starspawn and a starspawn tentacle.


Message History

You kill the bat!
Casting: Beastly Appendage (safe; 10% risk of failure)
Confirm with . or Enter, or press ? or * to list all spells.
You extend your transformation's duration.
The gnoll hits you but does no damage.
MP[-1]
You lost 1 mp, and now have 6/7 mp.
You closely miss the gnoll. You grab the gnoll.
You pierce the gnoll.
You squeeze the gnoll!
You kill the gnoll!
The gnoll hits you from afar with a +2 halberd of distortion!
You are cast into the Abyss!
This branch contains the abyssal rune of Zot.
HP[-10]
You take 10 damage, and now have 19/29 hp.
MASSIVE DAMAGE!! (PAUSE)
Your transformation is almost over.
You start resting.
MP[+1]
Your mp is fully restored (7).
You start resting.
Your tentacle spike disappears.
HP[+10]
Your hp is fully restored (29).
A tentacled starspawn comes into view.
Tentacles burst from the starspawn's body! 2 starspawn tentacles come into view.
A large abomination comes into view.
A starspawn tentacle comes into view.
An orange demon comes into view.
The starspawn tentacle grabs you. The starspawn tentacle constricts you.
HP[-2]
You take 2 damage, and now have 27/29 hp.
The starspawn tentacle's grasp on you weakens, but your attempt to escape fails.
The starspawn tentacle constricts you.
The starspawn tentacle loses its grip on you.
The tentacle pulls you backwards!
Floosh! 2 starspawn tentacle segments come into view.
HP[-2]
You take 2 damage, and now have 25/29 hp.
The starspawn tentacle barely misses you.
A starspawn tentacle segment comes into view.
The starspawn tentacle grabs you. The starspawn tentacle constricts you.
The starspawn tentacle loses its grip on you.
The tentacle pulls you backwards!
Floosh!
HP[-1]
You take 1 damage, and now have 24/29 hp.
A tentacle flies out from the starspawn's body!
The starspawn tentacle grabs you. The starspawn tentacle constricts you.
A starspawn tentacle comes into view.
HP[-2]
You take 2 damage, and now have 22/29 hp.
The starspawn tentacle's grasp on you weakens, but your attempt to escape fails.
The starspawn tentacle constricts you.
HP[-2]
You take 2 damage, and now have 20/29 hp.
Unknown command.
You escape the starspawn tentacle's grasp.
The starspawn tentacle grabs you. The starspawn tentacle constricts you.
The starspawn tentacle loses its grip on you.
The tentacle pulls you backwards! The starspawn tentacle grabs you.
The starspawn tentacle constricts you.
HP[-3]
You take 3 damage, and now have 17/29 hp.
You tentacle-slap the starspawn tentacle. x2
You squeeze the starspawn tentacle, but do no damage.
The starspawn tentacle constricts you.
The starspawn tentacle loses its grip on you.
You tentacle-slap the starspawn tentacle.
The starspawn tentacle grabs you. The starspawn tentacle constricts you.
HP[-2]
You take 2 damage, and now have 15/29 hp.
You completely miss the starspawn tentacle.
The starspawn tentacle constricts you.
* * * LOW HITPOINT WARNING * * *
You tentacle-slap the starspawn tentacle but do no damage.
The starspawn tentacle loses its grip on you.
The tentacle pulls you backwards! The starspawn tentacle grabs you.
The starspawn tentacle constricts you.
* * * LOW HITPOINT WARNING * * *
HP[-4]
You take 4 damage, and now have 11/29 hp.
The starspawn tentacle's grasp on you weakens, but your attempt to escape fails.
The starspawn tentacle loses its grip on you.
The tentacle pulls you backwards!
You tentacle-slap the tentacled starspawn.
A tentacle flies out from the starspawn's body!
A starspawn tentacle comes into view.
The starspawn tentacle grabs you. The starspawn tentacle constricts you.
* * * LOW HITPOINT WARNING * * *
HP[-1]
You take 1 damage, and now have 10/29 hp.
You escape the starspawn tentacle's grasp.
The starspawn tentacle misses you.
The tentacled starspawn attacks as you move away!
The tentacled starspawn bites you!!
Ouch! That really hurt!
You die...

Skill      XL: |  1  2  3  4 |
---------------+-------------+-----
Stealth        | 1 2 |  2.4
Fighting       | 2 |  2.0
Unarmed Combat | 4 |  4.0
Dodging        | |  2.7
Spellcasting   | |  2.0
Transmutations | |  2.0

Action                   |  1- 3 |  4- 6 || total
-------------------------+-------+-------++-------
Melee: Unarmed           |    49 |    33 ||    82
       Constrict         |    13 |    10 ||    23
       Kick              |    11 |     6 ||    17
       Tentacles         |    10 |    10 ||    20
       Punch             |     3 |     1 ||     4
 Cast: Beastly Appendage |    12 |    11 ||    23
 Stab: Sleeping          |     4 |     2 ||     6
Armor: Skin              |    16 |    12 ||    28
Dodge: Dodged            |    52 |    27 ||    79

Levels and vault maps discovered:
D:1:      nzn_arrival_depleted_hourglass, layout_rooms, serial_shops, shop,
          ebering_ecumenical_altar_mist, hangedman_decor_slide_cut
D:2:      layout_loops_ring, chequers_arboretum, uniq_natasha
Abyss:1:  base: Temple, eino_small_chamber_without_monster

Notes
Turn   | Place    | Note
-------+----------+-------------------------------------------
     0 | D:1      | zeratav the Octopode Transmuter began the quest for the
                  | Orb.
     0 | D:1      | Reached XP level 1. HP: 13/13 MP: 3/3
     0 | D:1      | magus.rc [v1.9.6]
    39 | D:1      | Found Neut's Antique Armour Shoppe.
   258 | D:1      | Found a faded altar of an unknown god.
   297 | D:1      | Reached XP level 2. HP: 15/18 MP: 5/5
   310 | D:1      | Reached skill level 1 in Stealth
   388 | D:1      | You pick up a book of Changes and begin reading...
   627 | D:2      | Noticed Natasha
   638 | D:2      | Killed Natasha
   639 | D:2      | Reached XP level 3. HP: 13/23 MP: 6/6
   903 | D:2      | Noticed Natasha
   911 | D:2      | Killed Natasha
   912 | D:2      | Reached skill level 2 in Stealth
   912 | D:2      | Reached XP level 4. HP: 19/29 MP: 7/7
  1143 | D:2      | Reached skill level 2 in Fighting
  1375 | D:2      | Reached skill level 4 in Unarmed Combat
  1566 | D:2      | You pick up a book of Debilitation and begin reading...
  1566 | D:2      | You add the spells Slow, Vampiric Draining and Confusing
                  | Touch to your library.
  1734 | D:2      | Noticed Natasha
  1749 | D:2      | You are cast into the Abyss!
  1749 | D:2      | Cast into level 1 of the Abyss (gnoll)
  1862 | Abyss:1  | Noticed a tentacled starspawn
  1870 | Abyss:1  | Noticed a large abomination
  1872 | Abyss:1  | Noticed an orange demon
  1891 | Abyss:1  | Annihilated by a tentacled starspawn

Vanquished Creatures
  Natasha (twice) (D:2)
  2 adders (D:2)
  A gnoll (D:2)
  2 ball pythons (D:2)
  2 giant cockroaches
  3 goblins
  2 hobgoblins (D:2)
  6 jackals
  5 kobolds
  A quokka (D:1)
  5 bats
  A frilled lizard (D:1)
  3 rats
35 creatures vanquished.

Vanquished Creatures (others)
  4 starspawn tentacles (Abyss:1)
4 creatures vanquished.

Grand Total: 39 creatures vanquished

Table legend:
 A = Non-vault XP
 B = Vault XP
 C = Vault XP percentage of total XP
 D = Non-vault monster count
 E = Vault monster count
 F = Vault count percentage of total count
                 A         B        C        D         E       F
            +---------+---------+-------+---------+---------+-------
      Total |     124 |      35 |  22.0 |      34 |       1 |   2.9
            +---------+---------+-------+---------+---------+-------
        D:1 |      20 |       0 |   0.0 |      12 |       0 |   0.0
        D:2 |     104 |      35 |  25.2 |      22 |       1 |   4.3
            +---------+---------+-------+---------+---------+-------

Illustrated notes

Table legend:
 A = Kills in this place as a percentage of kills in entire the game.
 B = Kills by you in this place as a percentage of kills by you in the entire game.
 C = Kills by friends in this place as a percentage of kills by friends in the entire game.
 D = Other kills in this place as a percentage of other kills in the entire game.
 E = Experience gained in this place as a percentage of experience gained in the entire game.
 F = Experience gained in this place divided by the number of levels of this place that you have seen.
                   A       B       C       D       E      F
               +-------+-------+-------+-------+-------+----------------------
         Total | 100.0 | 100.0 |   N/A |   N/A | 100.0 |  53.0
       Dungeon | 100.0 | 100.0 |   N/A |   N/A | 100.0 |  79.5
               +-------+-------+-------+-------+-------+----------------------

Table legend: (Time is in decaauts)
 A = Elapsed time spent in this place.
 B = Non-inter-level travel time spent in this place.
 C = Inter-level travel time spent in this place.
 D = Time resting spent in this place.
 E = Time spent auto-exploring this place.
 F = Levels seen in this place.
 G = Mean time per level.
                   A        B        C        D        E       F      G
               +--------+--------+--------+--------+--------+-----+--------+
         Total |   1884 |   1849 |     35 |    440 |   1135 |   3 |  628.0 |
       Dungeon |   1742 |   1707 |     35 |    336 |   1135 |   2 |  871.0 |
         Abyss |    141 |    141 |      0 |    104 |      0 |   1 |  141.0 |
               +--------+--------+--------+--------+--------+-----+--------+

Top non-repeatable levels by time:
     D:2: 1136 daAuts
     D:1: 606 daAuts
 Abyss:1: 141 daAuts
